 Dungeon Sprint DCSS version 0.25-a0-316-gd28d56f9c5 (webtiles) character file.

Game seed: 14848382540781483302, levelgen mode: deterministic

228 Morrissey the Spear-Bearer (level 5, -7/56 HPs)
             Began as a Minotaur Gladiator on Dec 25, 2019.
             Was a Follower of Makhleb.
             Mangled by a two-headed ogre
             ... wielding a +0 giant spiked club
              (20 damage)
             ... in the Dungeon (Sprint IX: "|||||||||||||||||||||||||||||").
             The game lasted 00:01:08 (148 turns).

Morrissey the Spear-Bearer (Minotaur Gladiator)      Turns: 148, Time: 00:01:08

Health: -7/56      AC: 10    Str: 19    XL:     5   Next: 70%
Magic:  4/4        EV: 14    Int: 11    God:    Makhleb [*.....]
Gold:   0          SH:  0    Dex: 12    Spells: 4/4 levels left

rFire    . . .     SeeInvis .   b - +2 halberd (venom)
rCold    . . .     Gourm    .   (shield currently unavailable)
rNeg     . . .     Faith    .   t - +2 ring mail
rPois    .         Spirit   .   c - +0 hat
rElec    .         Reflect  .   s - +0 cloak
rCorr    .         Harm     .   (no gloves)
MR       .....     NoTele   +   r - +0 pair of boots
Stlth    +.........             (no amulet)
HPRegen  0.18/turn              q - +3 ring of intelligence
MPRegen  0.09/turn              u - +3 ring of intelligence

@: no status effects
A: retaliatory headbutt, horns 2
a: Renounce Religion


You were in the Dungeon.
You worshipped Makhleb.
Makhleb was aware of your devotion.
You were not hungry.

You visited 1 branch

Inventory:

Hand Weapons
 a - a +0 trident
 b - a +2 halberd of venom (weapon)
Missiles
 d - 3 throwing nets (quivered)
Armour
 c - a +0 hat (worn)
 r - a +0 pair of boots (worn)
 s - a +0 cloak (worn)
 t - a +2 ring mail (worn)
Jewellery
 q - a +3 ring of intelligence (left hand)
 u - a +3 ring of intelligence (right hand)
Wands
 p - a wand of acid (10)
Scrolls
 k - 2 scrolls of blinking
 n - 3 scrolls of remove curse
 o - 2 scrolls of amnesia
Potions
 e - 5 potions of curing
 g - 3 potions of heal wounds
 h - a potion of haste
 i - 4 potions of magic
 j - a potion of berserk rage
 m - a potion of invisibility
Comestibles
 f - a ration
 l - 5 chunks of flesh


   Skills:
 * Level 8.5 Fighting
 * Level 9.1 Polearms
 - Level 2.0 Throwing
 + Level 5.5 Armour
 + Level 6.2 Dodging


You had 4 spell levels left.
You didn't know any spells.
Your spell library was empty.

Dungeon Overview and Level Annotations

Branches:
Dungeon (1/1)

Altars:
Cheibriados
Dithmenos
Elyvilon
Fedhas
Gozag
Hepliaklqana
Kikubaaqudgha
Makhleb
Nemelex Xobeh
Okawaru
Qazlal
Ru
Sif Muna
Trog
Uskayaw
Vehumet
Wu Jian
Xom
Yredelemnul
Zin
The Shining One
Beogh
Jiyva
Lugonu


Innate Abilities, Weirdness & Mutations

You reflexively headbutt those who attack you in melee.
You have a pair of horns on your head.


Message History

The two-headed ogre hits you with a +0 giant spiked club!
The two-headed ogre hits you with a cursed -2 giant club.
You barely miss the two-headed ogre. You headbutt the two-headed ogre.
The two-headed ogre is moderately wounded.
The two-headed ogre hits you with a +0 giant spiked club!
* * * LOW HITPOINT WARNING * * *
The two-headed ogre hits you with a cursed -2 giant club!
* * * LOW HITPOINT WARNING * * *
You hit the two-headed ogre but do no damage.
The two-headed ogre looks as sick as possible!
You headbutt the two-headed ogre.
The two-headed ogre is moderately wounded.
The orc wizard mumbles some strange words.
The orc wizard flickers and vanishes!
You hit the two-headed ogre.
The two-headed ogre looks as sick as possible!
The two-headed ogre is heavily wounded.
The two-headed ogre barely misses you.
The two-headed ogre hits you with a cursed -2 giant club!!
You die...

▓.▓
▓.▓
▓|▓
▓)▓
▓.▓
▓.▓
▓[▓
▓.▓
▓@▓
▓O▓
▓{▓
▓{▓
▓.▓
▓.▓
▓.▓
▓.▓


You could see a two-headed ogre.

Vanquished Creatures
  A sky beast (D)
  A centaur (D)
  An orc wizard (D)
  A worker ant (D)
  An ooze (D)
  2 giant cockroaches (D)
  A hobgoblin (D)
  A quokka (D)
  A bat (D)
  A leopard gecko zombie (D)
  2 rats (D)
13 creatures vanquished.

Notes
Turn   | Place    | Note
-------+----------+-------------------------------------------
     0 | D        | Morrissey the Minotaur Gladiator began the quest for the
                  | Orb.
     0 | D        | Reached XP level 1. HP: 18/18 MP: 0/0
     5 | D        | Reached skill level 4 in Polearms
    12 | D        | Reached skill level 1 in Armour
    25 | D        | Noticed a worker ant
    29 | D        | Reached XP level 2. HP: 21/27 MP: 1/1
    40 | D        | Reached skill level 5 in Polearms
    40 | D        | Reached XP level 3. HP: 22/35 MP: 2/2
    41 | D        | Reached skill level 5 in Fighting
    51 | D        | Found a roughly hewn altar of Beogh.
    51 | D        | Found a snail-covered altar of Cheibriados.
    51 | D        | Found a shadowy altar of Dithmenos.
    51 | D        | Found a white marble altar of Elyvilon.
    51 | D        | Found a blossoming altar of Fedhas.
    51 | D        | Found an opulent altar of Gozag.
    52 | D        | Found a hazy altar of Hepliaklqana.
    53 | D        | Found a viscous altar of Jiyva.
    54 | D        | Found an ancient bone altar of Kikubaaqudgha.
    55 | D        | Found a corrupted altar of Lugonu.
    56 | D        | Found a burning altar of Makhleb.
    57 | D        | Found a sparkling altar of Nemelex Xobeh.
    58 | D        | Found an iron altar of Okawaru.
    59 | D        | Found a stormy altar of Qazlal.
    72 | D        | Found a sacrificial altar of Ru.
    73 | D        | Found a shimmering blue altar of Sif Muna.
    74 | D        | Found a bloodstained altar of Trog.
    75 | D        | Found a hide-covered altar of Uskayaw.
    76 | D        | Became a worshipper of Makhleb the Destroyer
    77 | D        | Found a radiant altar of Vehumet.
    78 | D        | Found an ornate altar of the Wu Jian Council.
    79 | D        | Found a shimmering altar of Xom.
    80 | D        | Found a basalt altar of Yredelemnul.
    81 | D        | Found a glowing silver altar of Zin.
    82 | D        | Found a glowing golden altar of the Shining One.
   136 | D        | Noticed a centaur
   136 | D        | Noticed a sky beast
   136 | D        | Noticed a two-headed ogre
   138 | D        | Reached skill level 6 in Polearms
   140 | D        | Killed a centaur
   140 | D        | Reached skill level 7 in Polearms
   140 | D        | Reached skill level 5 in Dodging
   140 | D        | Reached XP level 4. HP: 45/47 MP: 3/3
   140 | D        | Reached XP level 5. HP: 49/52 MP: 4/4
   144 | D        | Killed a sky beast
   144 | D        | Reached * piety under Makhleb
   144 | D        | Reached skill level 9 in Polearms
   144 | D        | Reached skill level 5 in Armour
   148 | D        | Mangled by a two-headed ogre

Levels and vault maps discovered:
D:        linesprint [early_d, line_temple, items_1, d_10, items_2, lair_1,
          lair_end, items_3, orc_1, orc_end, items_4, d_15, swamp_1, shoals_1,
          snake_1, spider_1, d_20, vaults_1, items_5, swamp_end, shoals_end,
          snake_end, spider_end, vaults_end, d_27, items_6, zot_1, zot_end,
          crypt_end, forest_end, elf_end, slime_end, tomb_end, abyss_end,
          pan_hell_end]

Skill      XL: |  1  2  3  4  5 |
---------------+----------------+-----
Polearms       | 4 5 7 9 |  9.1
Fighting       | 3 4 7 8 |  8.5
Armour         | 1 2 4 5 |  5.5
Dodging        | 4 5 6 |  6.2
Throwing       | |  2.0

Action                   |  1- 3 |  4- 6 || total
-------------------------+-------+-------++-------
Melee: Trident           |    26 |       ||    26
       Headbutt          |     3 |     3 ||     6
       Halberd           |     4 |     8 ||    12
Armor: Leather armour    |     4 |       ||     4
       Ring mail         |     1 |     1 ||     2
Dodge: Dodged            |    16 |     3 ||    19

Table legend:
 A = Non-vault XP
 B = Vault XP
 C = Vault XP percentage of total XP
 D = Non-vault monster count
 E = Vault monster count
 F = Vault count percentage of total count
                 A         B        C        D         E       F
            +---------+---------+-------+---------+---------+-------
      Total |       0 |     326 | 100.0 |       0 |      13 | 100.0
            +---------+---------+-------+---------+---------+-------
          D |       0 |     326 | 100.0 |       0 |      13 | 100.0
            +---------+---------+-------+---------+---------+-------
